Map: Tokamak LE

Players

ElJaguar - Winner!

  • Race: Terran Terran
  • League: Diamond
  • Spawn Location: 7:00

ManlyManMeat

  • Race: Zerg Zerg
  • League: Master
  • Spawn Location: 1:00

VOD

Have the link to the VOD?

Description

Time

  • Played on: June 15, 2025, 9:43 a.m.
  • Length: 19:09
Show
View Real Time Build Order
Export as new Build Order

ElJaguar Terran - Winner!

Build Orders: Mech 

Get SALT Encoding   

  12  0:00  SCV  
  13  0:12  SCV  
  14  0:25  SCV  
  14  0:26  Supply Depot  
  15  0:48  SCV  
  15  0:49  Barracks  
  16  0:56  Refinery  
  16  1:00  SCV  
  17  1:19  Command Center  
  17  1:23  SCV  
  18  1:38  Supply Depot  
  19  1:41  Orbital Command  
  19  1:45  Marine  
  19  2:01  Supply Depot  
  19  2:06  Barracks  
  19  2:09  SCV  
  20  2:19  Refinery  
  20  2:21  SCV  
  21  2:30  Orbital Command  
  21  2:34  Reaper  
  22  2:41  SCV  
  23  2:53  SCV  
  23  2:54  Barracks  
  23  2:55  Reaper  
  25  2:59  SCV  
  27  3:05  SCV  
  27  3:11  SCV  
  28  3:18  Reaper  
  29  3:26  SCV x2  
  31  3:29  Supply Depot  
  31  3:30  Reaper  
  32  3:38  SCV  
  32  3:39  SCV  
  34  3:50  SCV, Reaper  
  34  3:53  SCV  
  34  3:54  Reaper  
  38  4:02  Reaper  
  39  4:06  SCV x2  
  41  4:16  Factory  
  41  4:18  Factory, SCV x2  
  41  4:22  Reaper  
  44  4:25  Factory  
  44  4:29  Refinery  
  44  4:30  SCV x2, Refinery  
  46  4:42  SCV x2  
  48  4:49  Command Center  
  48  4:52  Command Center  
  48  4:54  SCV x2  
  49  5:06  SCV x2  
  47  5:25  Factory Tech Lab x2  
  47  5:26  Factory Tech Lab  
  46  5:34  Supply Depot  
  46  5:36  SCV x2  
  48  5:43  Supply Depot x2  
  48  5:45  Supply Depot  
  48  5:46  Supply Depot  
  48  5:47  Siege Tank x3  
  48  5:48  SCV  
  58  5:54  SCV  
  59  5:57  Armory  
  59  6:00  SCV  
  59  6:02  Supply Depot  
  60  6:12  Engineering Bay, Orbital Command  
  52  7:00  Thor x2  
  52  7:01  Thor  
  70  7:17  Supply Depot  
  70  7:24  Barracks Tech Lab x2, Barracks  
  70  7:28  Planetary Fortress  
  70  7:43  Siege Tank  
  73  7:54  Hellbat x2  
  73  7:57  Marauder x2  
  81  8:01  Supply Depot x2  
  81  8:04  Command Center  
  81  8:20  Command Center  
  81  8:35  Siege Tank x2  
  81  8:37  Siege Tank  
  81  8:38  Orbital Command  
  83  9:41  Command Center  
  83  9:43  Barracks x2  
  83  9:44  Thor x3  
  101  9:46  Command Center  
  101  10:01  Marine x2  
  101  10:02  Marine x2  
  101  10:03  Factory  
  105  10:14  Planetary Fortress  
  105  10:18  Refinery  
  105  10:19  Marine  
  105  10:21  Supply Depot  
  106  10:24  Terran Vehicle And Ship Armor Level 1, Refinery  
  106  10:27  Thor x2  
  106  11:06  Missile Turret  
  106  11:07  Planetary Fortress  
  106  11:19  SCV x3  
  106  11:24  SCV  
  110  11:31  SCV x3  
  113  11:36  SCV  
  114  11:43  SCV x3  
  114  11:45  Planetary Fortress  
  117  11:47  Command Center  
  117  11:48  SCV  
  117  11:53  Command Center  
  118  11:55  SCV x3  
  118  12:00  SCV  
  122  12:07  SCV  
  123  12:12  SCV  
  114  12:30  SCV  
  114  12:31  SCV  
  116  12:39  SCV x4  
  120  12:45  Terran Vehicle Weapons Level 1  
  120  12:48  Thor x3, Factory Tech Lab  
  138  12:52  Factory  
  138  12:56  Armory, SCV  
  138  12:57  SCV x2  
  141  12:59  SCV x3  
  144  13:09  SCV  
  145  13:15  Planetary Fortress x2  
  136  13:50  SCV x3  
  136  13:51  SCV x2  
  136  13:52  Thor x3  
  136  13:54  Hellbat  
  161  13:56  Hellbat  
  161  14:01  Refinery  
  163  14:03  Refinery  
  163  14:16  Terran Vehicle And Ship Armor Level 2, Starport  
  163  14:21  Factory Tech Lab  
  163  14:44  Neosteel Armor  
  163  15:00  Stimpack  
  163  15:03  Terran Vehicle Weapons Level 2  
  150  15:46  Thor x3  
  150  15:49  Hellion x2  
  172  15:52  Infernal Pre-Igniter  
  172  16:24  Hi-Sec Auto Tracking  
  172  16:27  Command Center  
  172  16:29  Hellion  
  172  16:30  Hellion x2  
  178  16:33  Command Center  
  178  16:50  Cyclone x3  
  178  16:51  Cyclone x2  
  193  16:59  Starport Tech Lab  
  193  17:05  Barracks x2  
  164  17:32  Thor  
  164  17:33  Thor x2  
  164  17:34  Thor x2  
Show
View Real Time Build Order
Export as new Build Order

ManlyManMeat Zerg 

Build Orders: Hatch First 

Get SALT Encoding   

  12  0:08  Overlord  
  12  0:13  Drone  
  13  0:18  Drone  
  14  0:30  Drone x2  
  16  0:50  Hatchery  
  16  0:54  Drone  
  16  0:56  Drone  
  17  1:07  Drone  
  18  1:16  Spawning Pool  
  17  1:20  Extractor, Drone  
  17  1:30  Drone  
  18  1:34  Drone  
  19  1:44  Drone  
  20  1:55  Drone  
  21  2:05  Queen  
  21  2:07  Zergling x2, Queen  
  26  2:08  Zergling x2  
  27  2:18  Drone  
  28  2:26  Metabolic Boost  
  28  2:31  Overlord  
  28  2:37  Overlord  
  28  2:49  Queen, Drone  
  28  2:50  Drone x3  
  34  2:56  Overlord  
  34  3:03  Drone x2  
  36  3:24  Roach Warren  
  35  3:32  Drone x5  
  40  3:37  Hatchery  
  40  3:38  Baneling Nest  
  40  3:41  Overlord  
  38  3:43  Drone  
  38  3:45  Drone  
  40  3:51  Drone x2  
  42  3:57  Extractor  
  42  4:01  Drone x2  
  42  4:02  Drone x3  
  46  4:04  Drone  
  47  4:10  Queen  
  49  4:21  Drone x2  
  49  4:22  Drone x2  
  53  4:29  Zergling x2  
  54  4:36  Roach x3  
  60  4:47  Overlord x2  
  60  4:48  Overlord x2  
  54  5:21  Zergling x2  
  54  5:22  Zergling x10  
  59  5:32  Queen  
  63  5:37  Lair  
  63  5:39  Queen  
  63  5:40  Zergling x2  
  63  5:41  Zergling x12  
  70  5:52  Drone x6  
  70  5:56  Ravager x3  
  79  5:57  Baneling  
  79  5:58  Baneling x4  
  79  6:03  Roach x2  
  79  6:04  Roach x4  
  89  6:08  Drone x3  
  94  6:22  Overlord x2  
  94  6:23  Overlord  
  94  6:24  Overlord, Drone  
  94  6:25  Drone x2  
  97  6:29  Hatchery  
  94  6:46  Drone x2  
  94  6:47  Drone  
  94  7:02  Overlord  
  94  7:06  Centrifugal Hooks  
  94  7:07  Infestation Pit  
  93  7:09  Glial Reconstitution  
  93  7:33  Spire  
  92  7:41  Extractor x2  
  92  7:43  Extractor  
  89  7:44  Extractor, Drone  
  89  7:45  Drone x7  
  89  7:46  Drone x7  
  89  7:51  Overseer  
  103  8:10  Spore Crawler  
  103  8:11  Spore Crawler  
  103  8:12  Spore Crawler  
  100  8:13  Spore Crawler  
  100  8:14  Spore Crawler x2  
  100  8:15  Spore Crawler  
  93  8:59  Zergling x10  
  93  9:00  Zergling x6  
  100  9:03  Overseer  
  100  9:05  Zergling x8  
  104  9:11  Mutalisk x5  
  114  9:20  Extractor  
  114  9:21  Extractor  
  102  9:36  Mutalisk x2  
  105  9:42  Drone  
  105  9:43  Drone x6  
  105  9:44  Overlord x5  
  112  9:47  Zerg Flyer Weapons Level 1  
  112  10:03  Swarm Host x2  
  112  10:04  Swarm Host  
  121  10:11  Zergling x18  
  123  11:31  Hive  
  123  11:37  Evolution Chamber  
  123  11:39  Evolution Chamber  
  121  11:41  Zerg Flyer Armor Level 1  
  121  11:45  Hatchery  
  121  11:46  Hatchery  
  119  11:48  Zergling x30  
  119  11:49  Zergling x28  
  146  11:57  Hatchery  
  146  11:58  Tunneling Claws  
  139  12:27  Zergling x42  
  139  12:28  Zergling x4  
  155  12:56  Viper x5  
  155  12:58  Overlord x3  
  138  13:23  Zergling x42  
  139  13:32  Neural Parasite  
  139  13:34  Adrenal Glands  
  120  13:36  Zerg Ground Armor Level 1, Zerg Melee Weapons Level 1  
  120  13:49  Zergling x2  
  120  13:50  Zergling x22  
  132  14:18  Roach x14  
  132  14:19  Roach x11  
  182  14:33  Roach x8  
  182  14:36  Zerg Flyer Weapons Level 2  
  162  15:30  Zerg Missile Weapons Level 1  
  150  15:36  Roach x6  
  150  15:37  Roach x13  
  150  15:40  Drone x10  
  196  16:10  Overlord x3  
  196  16:12  Overseer  
  196  16:19  Drone x3  
  199  16:57  Evolution Chamber  
  199  16:58  Spire  
  137  17:39  Infestor x7  
  137  17:43  Pneumatized Carapace  
  149  17:45  Burrow  
  149  17:53  Extractor, Roach x15  
  149  17:54  Extractor, Roach x11  
  174  18:17  Ravager x10  
  89  18:35  Roach  
  89  18:36  Roach x25  
Tags
 
Composition
Mech
Matchup
TvZ
Spawn Locations
Cross Positions
Add a new tag
Caveats
  • Supply blocks, unpowered buildings, or Contaminate may cause inaccurate times.
  • Supply counts are checked every 10 seconds.